 Dungeon Crawl Stone Soup version 0.26.0-10-g1f06aea511 (webtiles) character file.

Game seed: 5750313419970158423

6157 MajorAdolf the Fighter (level 10, -2/86 HPs)
             Began as a Naga Wanderer on Jan 15, 2021.
             Was an Initiate of Gozag.
             Shot with an arrow by a centaur (3 damage)
             ... on level 10 of the Dungeon.
             The game lasted 00:19:12 (15862 turns).

MajorAdolf the Fighter (Naga Wanderer)             Turns: 15862, Time: 00:19:13

Health: -2/86      AC: 12    Str: 15      XL:     10   Next: 90%
Magic:  11/11      EV:  6    Int: 11      God:    Gozag
Gold:   934        SH:  0    Dex: 12 (15) Spells: 10/11 levels left

rFire    + . .     SeeInvis +   o - +1 war axe (elec)
rCold    . . .     Faith    .   (no shield)
rNeg     . . .     Spirit   .   q - +0 chain mail
rPois    +         Reflect  .   (no helmet)
rElec    .         Harm     .   (no cloak)
rCorr    .         Rampage  .   l - +1 pair of gloves
Will     +....                  (no barding)
Stlth    ..........             (no amulet)
HPRegen  0.24/turn              (no ring)
MPRegen  0.12/turn              (no ring)

@: about to teleport, very slow
A: large, stinger 1, slimy green scales 1, see invisible, deformed body, fire
resistance 1, frail 1, poison resistance, slowness 2, spit poison 1, AC +3
a: Spit Poison, Renounce Religion, Potion Petition, Call Merchant, Bribe Branch


You were on level 10 of the Dungeon.
You worshipped Gozag.
Gozag was pleased with you.
You visited 1 branch of the dungeon, and saw 10 of its levels.
You also visited: Bailey.

You collected 1720 gold pieces.
You spent 60 gold pieces at shops.
You paid 726 gold pieces to Gozag.

Inventory:

Hand Weapons
 g - a +2 hand axe of venom
 o - a +1 war axe of electrocution (weapon)
 D - a +2 battleaxe of flaming
 H - a +1 hand axe of freezing
Missiles
 k - a throwing net
Armour
 l - a +1 pair of gloves (worn)
 q - a +0 chain mail (worn)
 u - a +0 plate armour
 v - a +0 scale mail
Jewellery
 n - an uncursed ring of flight
 p - an uncursed ring of poison resistance {unknown}
 r - a +6 ring of strength {unknown}
 y - an uncursed amulet of the acrobat
Wands
 m - a wand of enslavement (12)
 B - a wand of random effects (15)
 I - a wand of acid (7)
Scrolls
 a - a scroll of teleportation
 b - 4 scrolls of enchant armour
 h - 2 scrolls of identify
 j - 5 scrolls of remove curse
Potions
 c - a potion of brilliance {unknown}
 d - a potion of experience {unknown}
 e - 5 potions of degeneration
 f - 3 potions of might
 i - 5 potions of heal wounds {unknown}
 s - 5 potions of mutation
 w - a potion of curing {unknown}
 x - 3 potions of flight {unknown}
 z - a potion of cancellation {unknown}
 A - a potion of attraction {unknown}
 C - 4 potions of magic {unknown}
 E - a potion of ambrosia {unknown}
 F - 2 potions of berserk rage
 G - a potion of resistance {unknown}
Miscellaneous
 t - a phial of floods


   Skills:
 + Level 8.0 Fighting
 + Level 7.3(7.4) Axes
 - Level 2.0(5.0) Polearms
 - Level 4.0 Armour
 + Level 6.5 Dodging
 - Level 4.4 Stealth
 - Level 1.0 Shields
 - Level 1.0 Spellcasting
 - Level 2.0 Translocations
 + Level 7.3 Evocations


You had 10 spell levels left.
You knew the following spells:

 Your Spells              Type           Power        Failure   Level
a - Corona                Hex            0%           99%         1

Your spell library contained the following spells:

 Spells                   Type           Power        Failure   Level
 Foxfire                  Conj/Fire      0%           99%         1
 Ensorcelled Hibernation  Hex/Ice        0%           100%        2
 Confusing Touch          Hex            0%           100%        3
 Conjure Flame            Conj/Fire      0%           100%        3
 Dazzling Flash           Conj/Hex       0%           100%        3
 Inner Flame              Hex/Fire       0%           100%        3
 Tukima's Dance           Hex            0%           100%        3
 Sticky Flame             Conj/Fire      0%           100%        4
 Fireball                 Conj/Fire      0%           100%        5


Dungeon Overview and Level Annotations

Branches:
Dungeon (10/15)            Temple (0/1) D:6            Lair (0/6) D:9
    Orc (0/2) D:10         Bailey (visited)

Altars:
Cheibriados
Elyvilon
Gozag
Hepliaklqana
Makhleb
Ru
Trog
Uskayaw
Vehumet
Wu Jian

Shops:
D:10 *

Annotations:
D:3 3 runed translucent doors, wakim's ghost, amateur HaHu
D:8 Harold


Innate Abilities, Weirdness & Mutations

You cannot wear boots.
Your serpentine skin is tough. (AC +3)
You have supernaturally acute eyesight. (SInv)
Armour fits poorly on your strangely shaped body.
Your system is resistant to poisons. (rPois)
You cover ground very slowly.
You can spit poison.
Your tail ends in a poisonous barb.
You are partially covered in slimy green scales. (AC +2)
Your flesh is heat resistant. (rF+)
You are frail. (-10% HP)


Message History

The warg howls!
You hear a bellow! x3
Found a staircase to the Orcish Mines.
As you read the scroll of teleportation, it crumbles to dust.
You feel strangely unstable.
The orc priest begins to cast a cantrip, but forgets the words!
The centaur wields a +1 shortbow of freezing.
It is covered in frost.
The centaur shoots an arrow.
The arrow hits you.
* * * LOW HITPOINT WARNING * * *
The arrow freezes you.
* * * LOW HITPOINT WARNING * * *
You see here an arrow.
The warg barely misses you.
The orc priest mumbles some strange prayers to Beogh against you.
Pain shoots through your body!
* * * LOW HITPOINT WARNING * * *
The centaur shoots an arrow.
The arrow hits you.
* * * LOW HITPOINT WARNING * * *
The arrow freezes you.
You die...
Your body crumbles into a pile of gold.

+*******,*#...............$...!..
,,,**,,,,...........).........###
,,,**,,,,...............$.....#
,,,,*,,,,...........c...!$$...#
,,,,*,,,,...........o..!......#
,,,$*,,,,......>....o.........#
,,,,,,,,,...........oo........#
,,,**,,,,.......h(............#
,,,****,**#.....@...#####+#####
**** *,**#.........# *,*
*,,,#.........# *,*
***...........# *,* *###..#.#####
*,* # ****##...** *,* #
*,,,,....,* *****+**** #
*,,,.....,* *,,,,,,,,* #
*,,,,,,,,,* *,,,,,,,,*


You could see a warg, 2 orc warriors, a centaur, an orc priest and an orc
wizard.

Vanquished Creatures
  An orc knight (Bailey)
  Grinder (D:3)
  A wyvern (D:10)
  An ice beast (D:8)
  2 phantoms
  5 orc warriors
  A sky beast (D:5)
  8 centaurs
  4 ogres
  A big kobold (D:10)
  2 bullfrogs
  5 scorpions
  A wyvern skeleton (D:8)
  A water moccasin zombie (D:7)
  5 killer bees (D:9)
  32 wights
  2 howler monkeys (D:7)
  2 jellies (D:5)
  2 bullfrog zombies
  2 quasits
  A centaur zombie (D:9)
  7 hounds
  5 orc priests
  3 orc wizards
  5 iguanas
  7 worker ants
  A killer bee zombie (D:6)
  A hound zombie (D:7)
  Robin (D:2)
  13 gnolls (Bailey)
  3 adders
  A shadow imp (D:6)
  2 white imps
  4 worms
  2 dart slugs (D:1)
  7 leopard geckos
  30 orcs
  3 giant cockroaches
  20 goblins
  14 hobgoblins
  20 jackals
  20 kobolds
  2 quokkas
  A ball python (D:2)
  A ball python skeleton (D:4)
  5 bats
  3 frilled lizards
  A jackal skeleton (D:8)
  A leopard gecko zombie (D:7)
  A quokka skeleton (D:4)
  A quokka zombie (D:4)
  4 rats
269 creatures vanquished.

Vanquished Creatures (others)
  A howler monkey (D:7)
  2 fungi
  8 plants
11 creatures vanquished.

Grand Total: 280 creatures vanquished

Notes
Turn   | Place    | Note
-------+----------+-------------------------------------------
     0 | D:1      | MajorAdolf the Naga Wanderer began the quest for the Orb.
     0 | D:1      | MajorAdolf set off with the following items: a +2 spear, 2
                  | potions of lignification, a +0 robe, a +0 dagger
     0 | D:1      | Reached XP level 1. HP: 18/18 MP: 2/2
   222 | D:1      | Reached XP level 2. HP: 12/25 MP: 3/3
   700 | D:2      | Noticed Robin
   740 | D:2      | Reached skill level 1 in Armour
   740 | D:2      | Reached skill level 1 in Dodging
   740 | D:2      | Reached XP level 3. HP: 32/32 MP: 4/4
   761 | D:2      | Reached skill level 2 in Fighting
  1816 | D:1      | Reached XP level 4. HP: 24/39 MP: 5/5
  2112 | D:2      | Killed Robin
  2891 | D:2      | Found a sacrificial altar of Ru.
  2961 | D:2      | Found a bloodstained altar of Trog.
  2961 | D:2      | Found a white marble altar of Elyvilon.
  2966 | D:2      | Found a faded altar of an unknown god.
  2991 | D:2      | Found an ornate altar of the Wu Jian Council.
  2993 | D:2      | Found a hide-covered altar of Uskayaw.
  3474 | D:3      | Reached XP level 5. HP: 44/46 MP: 6/6
  3696 | D:3      | Found a runed translucent gate.
  3696 | D:3      | Identified the +5 whip of Punupri {venom, rF- Str+7 Stlth+}
  3697 | D:3      | Found a runed translucent gate.
  3697 | D:3      | Found a runed translucent gate.
  3697 | D:3      | Noticed wakim's ghost (amateur HaHu)
  4242 | D:3      | Noticed Grinder
  4258 | D:3      | Killed Grinder
  4259 | D:3      | Reached skill level 3 in Fighting
  4259 | D:3      | Reached skill level 1 in Axes
  4259 | D:3      | Reached skill level 1 in Evocations
  4259 | D:3      | Reached XP level 6. HP: 28/56 MP: 7/7
  5195 | D:4      | Reached XP level 7. HP: 47/62 MP: 8/8
  5532 | D:4      | You fall into a shaft and drop 2 floors!
  5722 | D:5      | Entered Level 5 of the Dungeon
  5777 | D:5      | Reached skill level 4 in Fighting
  5831 | D:5      | Found an opulent altar of Gozag.
  5839 | D:5      | Became a worshipper of Gozag Ym Sagoz the Greedy
  6235 | D:5      | Reached XP level 8. HP: 68/72 MP: 9/9
  7108 | D:5      | Found a hazy altar of Hepliaklqana.
  7410 | D:6      | Found a burning altar of Makhleb.
  7710 | D:4      | Gained mutation: You are frail. (-10% HP) [potion of
                  | mutation]
  7710 | D:4      | Gained mutation: Your tail ends in a poisonous barb.
                  | [potion of mutation]
  7710 | D:4      | Gained mutation: Your flesh is heat resistant. (rF+)
                  | [potion of mutation]
  7710 | D:4      | Gained mutation: You are partially covered in slimy green
                  | scales. (AC +2) [potion of mutation]
  8109 | D:6      | Reached skill level 5 in Fighting
  8164 | D:6      | Found Puhoib's Weapon Shop.
  8652 | D:6      | Found a staircase to the Ecumenical Temple.
  8731 | D:6      | Reached XP level 9. HP: 62/70 MP: 10/10
  9240 | D:6      | Learned a level 1 spell: Corona
  9463 | D:6      | Reached skill level 5 in Axes
  9463 | D:6      | Reached skill level 5 in Evocations
  9644 | D:7      | Reached skill level 6 in Fighting
 10103 | D:6      | Reached skill level 5 in Dodging
 10938 | D:7      | Found a radiant altar of Vehumet.
 11070 | D:8      | Found a snail-covered altar of Cheibriados.
 11363 | D:8      | Reached XP level 10. HP: 63/82 MP: 11/11
 11461 | D:8      | Noticed Harold
 11994 | D:9      | Reached skill level 7 in Fighting
 12605 | D:9      | Found a staircase to the Lair.
 14211 | D:10     | Entered Level 10 of the Dungeon
 14214 | D:10     | Bought a scroll labelled HOUMUO ISEI for 30 gold pieces
 14214 | D:10     | Bought a scroll labelled IPYR ZUPHI for 30 gold pieces
 14407 | D:10     | Found a flagged portal.
 14415 | Bailey   | Entered a bailey
 15442 | Bailey   | Noticed an orc knight
 15448 | Bailey   | Killed an orc knight
 15782 | D:10     | Reached skill level 8 in Fighting
 15859 | D:10     | Found a staircase to the Orcish Mines.
 15862 | D:10     | HP: 1/86 [centaur/arrow (5)]
 15862 | D:10     | Shot with an arrow by a centaur

Illustrated notes

Levels and vault maps discovered:
D:1:      psy_arrival_dodecagon, layout_rooms
D:2:      layout_loops_cross, chequers_temple_overflow_minitemple,
          nicolae_ru_the_path_less_chosen, uniq_robin
D:3:      layout_basic, gammafunk_ghost_nasty_kobolds, uniq_grinder
D:4:      layout_cave_pools
D:5:      layout_basic, grunt_gozag_statues, nzn_hepliaklqana_mist_gate
D:6:      layout_basic, lemuel_round_altar, temple_hall, serial_shops, shop
D:7:      layout_rooms, overflow_temple_1_default, kennysheep_doodads
D:8:      layout_basic, overflow_temple_1_default, lemuel_crystal_altar,
          uniq_harold
D:9:      layout_grid_maze, dpeg_oklobed_lair
D:10:     layout_roguey, david_orc_3, enter_bailey_3, hangedman_decor_opposing

Skill      XL: |  1  2  3  4  5  6  7  8  9 10 |
---------------+-------------------------------+-----
Armour         | 1 2 3 4 |  4.0
Dodging        | 1 2 3 4 5 6 |  6.5
Fighting       | 2 3 4 5 6 8 |  8.0
Axes           | 1 2 4 6 7 |  7.3
Evocations     | 1 2 3 4 6 7 |  7.3
Polearms       | |  2.0
Stealth        | |  4.4
Shields        | |  1.0
Spellcasting   | |  1.0
Translocations | |  2.0

Action                   |  1- 3 |  4- 6 |  7- 9 | 10-12 || total
-------------------------+-------+-------+-------+-------++-------
Melee: Spear             |    75 |   163 |   207 |       ||   445
       Hand axe          |       |       |   181 |    14 ||   195
       Tailslap          |       |       |    37 |    35 ||    72
       War axe           |       |       |    38 |   200 ||   238
       Battleaxe         |       |       |       |    19 ||    19
Invok: Call Merchant     |       |       |       |     1 ||     1
 Abil: Spit Poison       |     6 |     5 |     4 |     4 ||    19
Evoke: Wand              |       |       |       |     5 ||     5
  Use: Potion            |     1 |     1 |     3 |     2 ||     7
       Scroll            |       |       |    12 |     9 ||    21
 Stab: Sleeping          |     4 |     8 |     1 |       ||    13
       Distracted        |       |     1 |     2 |       ||     3
Armor: Robe              |     1 |       |       |       ||     1
       Ring mail         |    20 |    26 |       |       ||    46
       Skin              |     1 |     2 |    22 |    12 ||    37
       Scale mail        |       |     6 |   181 |       ||   187
       Chain mail        |       |       |    26 |   198 ||   224
Dodge: Dodged            |    30 |    61 |   176 |   136 ||   403
